 Dungeon Crawl Stone Soup version 0.29-a0-284-gf9362112df (webtiles) character file.

Game seed: 13862401235127559077

3822 FizzleBang the Tainter (level 9, -3/50 HPs)
             Began as a Deep Elf Venom Mage on Mar 23, 2022.
             Was a Follower of Sif Muna.
             Slain by a yak (12 damage)
             ... on level 8 of the Dungeon.
             The game lasted 01:29:04 (12205 turns).

FizzleBang the Tainter (Deep Elf Venom Mage)       Turns: 12205, Time: 01:29:04

Health: -3/50      AC:  6    Str:  7    XL:     9   Next: 97%
Magic:  0/16       EV: 16    Int: 23    God:    Sif Muna [*.....]
Gold:   121        SH:  0    Dex: 15    Spells: 4/15 levels left

rFire   + . .      SeeInvis .   b - staff of air
rCold   + . .      Faith    .   (no shield)
rNeg    . . .      Spirit   +   y - +2 robe {rF+}
rPois   .          Reflect  .   (no helmet)
rElec   +          Harm     .   h - +1 cloak
rCorr   .          Rampage  .   (no gloves)
Will    .....                   (no boots)
Stlth   +++.......              j - amulet of guardian spirit
HPRegen 0.16/turn               k - ring of protection from cold
MPRegen 0.15/turn               (no ring)

@: no status effects
A: no striking features
a: Renounce Religion, Channel Magic


You were on level 8 of the Dungeon.
You worshipped Sif Muna.
Sif Muna was aware of your devotion.
You visited 1 branch of the dungeon, and saw 9 of its levels.
You also visited: Sewer.

You collected 428 gold pieces.
You spent 307 gold pieces at shops.

Inventory:

Missiles
 c - 2 datura-tipped darts
 i - 6 curare-tipped darts
 t - 29 poisoned darts
Armour
 h - a +1 cloak (worn)
 y - a +2 robe of fire resistance (worn)
Magical Staves
 a - a staff of poison
 b - a staff of air (weapon)
Jewellery
 j - an amulet of guardian spirit (around neck)
 k - a ring of protection from cold (left hand)
Wands
 v - a wand of acid (2)
Scrolls
 d - 2 scrolls of enchant weapon
 e - 2 scrolls of identify
 f - a scroll of magic mapping
 g - 2 scrolls of blinking
 m - 2 scrolls of immolation
 p - a scroll of summoning
 q - a scroll of vulnerability
 s - 2 scrolls of fog
 z - 3 scrolls of teleportation
 C - a scroll of torment
 D - 2 scrolls of fear
Potions
 l - 2 potions of ambrosia
 n - a potion of lignification
 o - a potion of haste
 r - a potion of flight
 u - 2 potions of might
 x - a potion of brilliance
 A - 2 potions of curing


   Skills:
 - Level 3.0 Fighting
 - Level 7.8 Dodging
 - Level 5.0 Stealth
 - Level 3.5 Spellcasting
 - Level 8.0 Conjurations
 - Level 1.1 Transmutations
 + Level 6.2 Air Magic
 - Level 8.0 Poison Magic


You had 4 spell levels left.
You knew the following spells:

 Your Spells              Type           Power      Damage    Failure   Level
b - Poisonous Vapours     Pois/Air       100%       N/A       1%          2
c - Olgreb's Toxic Radia  Pois           40%        N/A       4%          4
d - Mephitic Cloud        Conj/Pois/Air  55%        N/A       1%          3
e - Static Discharge      Conj/Air       53%        N/A       1%          2

Your spell library contained the following spells:

 Spells                   Type           Power      Damage    Failure   Level
 Sting                    Tmut/Pois      96%        1d7       1%          1
 Spider Form              Tmut/Pois      24%        N/A       4%          3
 Summon Small Mammal      Summ           16%        N/A       11%         1
 Ensorcelled Hibernation  Hex/Ice        8%         N/A       17%         2
 Call Canine Familiar     Summ           4%         N/A       32%         3
 Ozocubu's Armour         Ice            4%         N/A       32%         3
 Summon Guardian Golem    Hex/Summ       4%         N/A       32%         3
 Petrify                  Tmut/Erth      6%         N/A       65%         4
 Anguish                  Hex/Necr       2%         N/A       73%         4
 Lightning Bolt           Conj/Air       26%        1d42      16%         5
 Metabolic Englaciation   Hex/Ice        2%         N/A       97%         5
 Simulacrum               Ice/Necr       2%         N/A       100%        6
 Statue Form              Tmut/Erth      4%         N/A       100%        6
 Maxwell's Capacitive Co  Air            24%        ∞         100%        8


Dungeon Overview and Level Annotations

Branches:
Dungeon (9/15)             Temple (0/1) D:6           Sewer (visited)
   Lair: D:8-11         Orc: D:9-12

Altars:
Elyvilon
Gozag
Kikubaaqudgha
Makhleb
Nemelex Xobeh
Sif Muna
Trog
Vehumet
Wu Jian
Xom
Zin

Shops:
D:7 =**!=*

Annotations:
D:3 Sigmund
D:7 2 transporters, mistaj's ghost, novice VSFi


Message History

You feel a surge of power!
The yak is struck by an arc of lightning!
You kill the yak!
Sif Muna accepts your kill. You resist.
You are struck by an arc of lightning.
You start resting.
Magic restored.
You start resting.
HP restored.
You climb downwards.
The yak gores you.
There is a stone staircase leading up, spattered with blood here.
The yak completely misses you.
You climb upwards.
There is a stone staircase leading down here.
Casting: Static Discharge (safe; 1% risk of failure)
Confirm with . or Enter, or press ? or * to list all spells.
You feel a surge of power!
The yak is struck by an arc of lightning!
The yak is moderately wounded.
You resist.
You are struck by an arc of lightning.
The yak is struck by an arc of lightning.
The yak is moderately wounded.
The lightning grounds out.
The yak misses you.
Casting: Static Discharge (safe; 1% risk of failure)
Confirm with . or Enter, or press ? or * to list all spells.
You feel a surge of power!
The yak is struck by an arc of lightning.
The yak is heavily wounded.
You resist.
You are struck by an arc of lightning.
The yak is struck by an arc of lightning!
The yak is severely wounded.
The lightning grounds out.
The yak barely misses you.
Casting: Static Discharge (safe; 1% risk of failure)
Confirm with . or Enter, or press ? or * to list all spells.
You feel a surge of power!
The yak is struck by an arc of lightning.
The yak is severely wounded.
The lightning grounds out.
The yak closely misses you.
Casting: Static Discharge (safe; 1% risk of failure)
Confirm with . or Enter, or press ? or * to list all spells.
You feel a surge of power!
The yak is struck by an arc of lightning!
You kill the yak!
Sif Muna accepts your kill. You resist.
You are struck by an arc of lightning.
Training target 8.0 for Conjurations reached!
Your Conjurations skill increases to level 8!
You need to enable at least one skill for training.
You start resting.
HP restored.
You start resting.
Magic restored.
Okay, then.
You climb downwards.
The yak misses you. The yak gores you.
There is a stone staircase leading up, spattered with blood here.
The yak gores you!
You climb upwards.
There is a stone staircase leading down here.
Casting: Static Discharge (safe; 1% risk of failure)
Confirm with . or Enter, or press ? or * to list all spells.
You feel a surge of power!
The yak is struck by an arc of lightning!
The yak is moderately wounded.
You resist.
You are struck by an arc of lightning.
The yak is struck by an arc of lightning.
The yak is heavily wounded.
The lightning grounds out.
The yak closely misses you.
Casting: Static Discharge (safe; 1% risk of failure)
Confirm with . or Enter, or press ? or * to list all spells.
You feel a surge of power!
The yak is struck by an arc of lightning.
The yak is heavily wounded.
You resist.
You are struck by an arc of lightning.
The yak gores you!
Casting: Static Discharge (safe; 1% risk of failure)
Confirm with . or Enter, or press ? or * to list all spells.
You feel a surge of power!
The yak is struck by an arc of lightning!
The yak is severely wounded.
You resist.
You are struck by an arc of lightning.
The yak is struck by an arc of lightning!
The yak is almost dead.
The lightning grounds out.
The yak gores you!
Casting: Static Discharge (safe; 1% risk of failure)
Confirm with . or Enter, or press ? or * to list all spells.
You don't have enough magic to cast this spell.
You see here a yak corpse.
Casting: Static Discharge (safe; 1% risk of failure)
Confirm with . or Enter, or press ? or * to list all spells.
Okay, then.
Unknown command.
Casting: Static Discharge (safe; 1% risk of failure)
Confirm with . or Enter, or press ? or * to list all spells.
Aiming: Poisonous Vapours (safe; 1% risk of failure)
Press: ? - help, Dir - move target, f - yak
Aim: a yak (almost dead)
You feel a surge of power!
Poisonous vapours surround the yak!
The yak looks as sick as possible!
The yak gores you!
* * * LOW HITPOINT WARNING * * *
The yak attacks as you move away! The yak gores you!
You die...

############# ##.....#.....##
##.............##
#...............#
#...............#
#...............#
#########........Y†.....#
........#.......@.......######
........##...................#
........###...........#......#
........######.."######......####
............##.#<######......##..
..############...............#..#
.....### #.#.#####.......#.##
.......## #...######........#
........## ##......##.......###


You could see a yak (extremely poisoned).

Vanquished Creatures
  Pikel (D:4)
  A wyvern (D:8)
  6 yaks
  2 water moccasins
  Pargi (Sewer)
  An ice beast (D:7)
  An orc warrior (D:6)
  A black bear (D:7)
  4 lemures (D:4)
  A centaur (D:7)
  A phantom (D:6)
  3 kobold brigands
  2 bullfrogs
  2 necrophages
  A scorpion (D:7)
  A howler monkey (D:5)
  3 jellies
  3 orc priests
  4 hounds
  A gnoll shaman (D:5)
  6 iguanas
  12 orc wizards
  3 gnolls (D:5)
  7 adders
  2 shadow imps
  A white imp (D:6)
  4 ufetubi
  4 worms
  2 dart slugs
  21 orcs
  5 bats
  A bat zombie (D:7)
  4 endoplasms
  4 giant cockroaches
  3 hobgoblins
  9 jackals
  18 kobolds
  A quokka (D:3)
  4 ball pythons
  4 frilled lizards
  5 goblins
  3 rats
  2 rat zombies (D:7)
165 creatures vanquished.

Notes
Turn   | Place    | Note
-------+----------+-------------------------------------------
     0 | D:1      | FizzleBang the Deep Elf Venom Mage began the quest for the
                  | Orb.
     0 | D:1      | Reached XP level 1. HP: 10/10 MP: 6/6
   201 | D:1      | Found a faded altar of an unknown god.
   250 | D:1      | Reached XP level 2. HP: 15/15 MP: 2/8
   861 | D:1      | Learned a level 2 spell: Poisonous Vapours
  1156 | D:2      | Reached XP level 3. HP: 19/19 MP: 3/9
  2115 | D:3      | Reached XP level 4. HP: 24/24 MP: 2/10
  2296 | D:3      | Found a glowing drain.
  2300 | Sewer    | Entered a sewer
  2401 | Sewer    | Noticed Pargi
  2427 | Sewer    | Killed Pargi
  2428 | Sewer    | Reached skill level 5 in Stealth
  2428 | Sewer    | Reached skill level 5 in Poison Magic
  2428 | Sewer    | Reached XP level 5. HP: 14/28 MP: 3/11
  2580 | Sewer    | Learned a level 4 spell: Olgreb's Toxic Radiance
  2584 | Sewer    | Learned a level 3 spell: Mephitic Cloud
  2814 | D:3      | Noticed Sigmund
  3631 | D:4      | Reached XP level 6. HP: 32/32 MP: 6/12
  5175 | D:4      | Noticed Pikel
  5581 | D:4      | Killed Pikel
  5582 | D:4      | Reached skill level 5 in Dodging
  5582 | D:4      | Reached XP level 7. HP: 13/36 MP: 5/13
  5825 | D:5      | Entered Level 5 of the Dungeon
  6014 | D:5      | Reached XP level 8. HP: 41/41 MP: 6/14
  6082 | D:5      | Found an ornate altar of the Wu Jian Council.
  6125 | D:5      | Found a burning altar of Makhleb.
  6181 | D:5      | Found a glowing silver altar of Zin.
  6198 | D:5      | Found a bloodstained altar of Trog.
  6360 | D:5      | Found a shimmering altar of Xom.
  6410 | D:5      | Learned a level 2 spell: Static Discharge
  7100 | D:6      | Found a shimmering blue altar of Sif Muna.
  7103 | D:6      | Became a worshipper of Sif Muna the Loreminder
  7442 | D:6      | Reached skill level 5 in Air Magic
  7845 | D:6      | Found a staircase to the Ecumenical Temple.
  9146 | D:7      | Noticed a two-headed ogre
  9147 | D:7      | Noticed mistaj's ghost (novice VSFi)
  9150 | D:7      | Found a transporter.
  9154 | D:7      | Found a transporter.
  9162 | D:7      | Found a white marble altar of Elyvilon.
  9163 | D:7      | Found Fysaecog's Distillery.
  9171 | D:7      | Bought a potion of haste for 150 gold pieces
  9171 | D:7      | Bought a potion of brilliance for 60 gold pieces
  9258 | D:7      | Found Raw Juinudgh's General Store.
  9287 | D:7      | Reached skill level 1 in Conjurations
  9422 | D:7      | Found a sparkling altar of Nemelex Xobeh.
  9487 | D:7      | Reached skill level 1 in Fighting
  9487 | D:7      | Reached XP level 9. HP: 47/47 MP: 10/15
  9553 | D:7      | Found Ashryto's Jewellery Boutique.
  9578 | D:7      | Reached * piety under Sif Muna
  9931 | D:7      | Found an ancient bone altar of Kikubaaqudgha.
 10147 | D:7      | Found Ocuhail's Island Escapes.
 10297 | D:7      | Found a radiant altar of Vehumet.
 10378 | D:7      | Noticed a moth of wrath
 10382 | D:7      | Found a bloodstained altar of Trog.
 10400 | D:7      | Found an opulent altar of Gozag.
 10590 | D:7      | Found Vukorish's Jewellery Emporium.
 10875 | D:7      | Found Ysiasix's Assorted Antiques.
 10972 | D:7      | Bought a scroll of blinking for 97 gold pieces
 11129 | D:8      | Reached skill level 5 in Conjurations
 11677 | D:8      | Identified a scroll of acquirement
 11677 | D:8      | Acquired a staff of air
 12205 | D:8      | Slain by a yak

Illustrated notes

Levels and vault maps discovered:
D:1:      wheals_arrival_shading, layout_rooms,
          hellmonk_ecumenical_altar_blasted, chequers_serial_rivers_large_b
D:2:      layout_loops_ring
D:3:      layout_basic, gup_sewer_entry_bowl, minmay_misc_feat_doors,
          uniq_sigmund
D:4:      layout_basic, uniq_pikel
D:5:      layout_basic, lemuel_coloured_pillars_altar,
          nicolae_overflow_quartered_altars, chequers_big_river
D:6:      layout_loops_corners, lemuel_blue_sif_altar,
          minmay_temple_entry_glass, serial_bayou_pond_c,
          dreamdust_princess_bridge
D:7:      layout_cave_pods, nicolae_vehumet_radiance, grunt_gozag_breadcrumbs,
          nicolae_elyvilon_peaceful_grove, lemuel_zombie_altar_kikubaaqudgha,
          nemelex_spade_bored_becter, serial_shops, nicolae_shop_hallway_stairs,
          nicolae_shop_hallway_plus, shop, kennysheep_little_box, shop_coins,
          gammafunk_ghost_wrathful_warriors, nicolae_island_escapes
D:8:      layout_rooms, serial_curves, eino_curves_03, eino_curves_02
D:9:      layout_loops_cross, cheibrodos_worm_habitat, lemuel_tele_altar,
          eino_house_with_fridge

Skill      XL: |  1  2  3  4  5  6  7  8  9 |
---------------+----------------------------+-----
Stealth        | 3 4 5 |  5.0
Poison Magic   | 4 5 6 8 |  8.0
Dodging        | 5 7 |  7.8
Air Magic      | 3 6 |  6.2
Conjurations   | 1 8 |  8.0
Fighting       | 1 3 |  3.0
Spellcasting   | |  3.5
Transmutations | |  1.1

Action                   |  1- 3 |  4- 6 |  7- 9 || total
-------------------------+-------+-------+-------++-------
Melee: Unarmed           |     1 |       |    15 ||    16
       Spear             |    27 |    50 |       ||    77
       Staff             |       |    28 |    49 ||    77
Throw: Dart              |       |       |     3 ||     3
 Cast: Sting             |    32 |    14 |       ||    46
       Poisonous Vapours |    13 |    64 |    65 ||   142
       Olgreb's Toxic Ra |       |     4 |    11 ||    15
       Mephitic Cloud    |       |     2 |     1 ||     3
       Static Discharge  |       |       |    49 ||    49
Evoke: Wand              |       |       |    10 ||    10
  Use: Scroll            |     3 |     7 |    14 ||    24
       Potion            |       |     4 |     4 ||     8
 Stab: Sleeping          |     6 |     4 |       ||    10
       Confused          |       |     1 |       ||     1
       Invisible         |       |       |     1 ||     1
Armor: Robe              |     4 |    20 |    19 ||    43
       Skin              |       |       |    12 ||    12
Dodge: Dodged            |    17 |    49 |    73 ||   139

Table legend: (Time is in decaauts)
 A = Elapsed time spent in this place.
 B = Non-inter-level travel time spent in this place.
 C = Inter-level travel time spent in this place.
 D = Time resting spent in this place.
 E = Time spent auto-exploring this place.
 F = Levels seen in this place.
 G = Mean time per level.
                   A        B        C        D        E       F      G
               +--------+--------+--------+--------+--------+-----+--------+
         Total |  12287 |  11694 |    593 |   4036 |   5498 |  10 | 1228.7 |
       Dungeon |  11916 |  11323 |    593 |   3849 |   5430 |   9 | 1324.0 |
         Sewer |    370 |    370 |      0 |    187 |     67 |   1 |  370.0 |
               +--------+--------+--------+--------+--------+-----+--------+

Top non-repeatable levels by time:
     D:6: 2162 daAuts
     D:4: 1991 daAuts
     D:7: 1852 daAuts
     D:3: 1441 daAuts
     D:8: 1195 daAuts
     D:5: 1169 daAuts
     D:2: 1120 daAuts
     D:1: 963 daAuts
   Sewer: 370 daAuts
     D:9: 18 daAuts
